Map: Newkirk Precinct TE (Void)

Players

ManofOneway - Winner!

  • Race: Terran Terran
  • League: Diamond
  • Spawn Location: 5:00

A.I. 1 (Very Easy)

  • Race: Terran Terran
  • Spawn Location: 7:00

VOD

Have the link to the VOD?

Description

Time

  • Played on: Jan. 29, 2017, 6:25 a.m.
  • Length: 6:12
Show
View Real Time Build Order
Export as new Build Order

ManofOneway Terran - Winner!

Build Orders: 1/1/1, Cyclone Opening 

Get SALT Encoding   

  12  0:01  SCV  
  13  0:14  SCV  
  14  0:19  Supply Depot  
  14  0:26  SCV  
  15  0:29  Refinery  
  15  0:40  SCV  
  16  0:46  Barracks  
  16  0:52  SCV  
  16  0:56  Refinery  
  17  1:04  SCV  
  18  1:16  SCV  
  19  1:33  Orbital Command  
  19  1:35  Factory  
  19  1:37  Reaper  
  20  1:48  Supply Depot  
  20  1:59  SCV  
  21  2:09  Reaper  
  21  2:14  SCV  
  23  2:18  Cyclone  
  26  2:23  Starport  
  26  2:28  SCV  
  27  2:31  Supply Depot  
  27  2:40  SCV  
  27  2:41  Reaper  
  29  2:52  SCV  
  29  2:53  Cyclone  
  33  2:59  Supply Depot  
  33  3:04  SCV  
  34  3:09  Medivac  
  36  3:16  SCV  
  37  3:25  Factory Tech Lab  
  37  3:28  Barracks Reactor  
  37  3:31  SCV  
  38  3:42  Viking  
  38  3:44  SCV  
  38  3:45  Engineering Bay  
  41  3:48  Command Center  
  41  3:54  Engineering Bay  
  41  3:58  SCV  
  42  4:04  Siege Tank  
  42  4:09  Supply Depot  
  45  4:17  Viking  
  47  4:26  Missile Turret  
  47  4:31  SCV  
  48  4:32  Marine x2  
  50  4:43  SCV, Barracks  
  51  4:50  Marine x2  
  53  4:55  SCV  
  54  5:03  Siege Tank, Viking  
  59  5:09  Orbital Command  
  59  5:11  SCV  
  60  5:17  Barracks Tech Lab  
  60  5:22  Refinery  
  60  5:23  SCV  
  60  5:27  Supply Depot  
  61  5:30  Barracks Reactor  
  61  5:35  SCV  
  61  5:38  SCV  
  63  5:42  Marine  
  63  5:47  SCV  
  69  5:50  SCV  
  69  5:54  Supply Depot  
  70  6:00  SCV  
  71  6:08  Supply Depot  
Show
View Real Time Build Order
Export as new Build Order

A.I. 1 (Very Easy) Terran 

Build Orders: Reaper Expand 

Get SALT Encoding   

  12  0:00  SCV  
  13  0:13  SCV  
  14  0:20  Supply Depot  
  14  0:47  Barracks  
  14  1:07  Command Center  
  14  1:34  Supply Depot, Orbital Command  
  14  1:37  Marine  
  14  1:39  Refinery  
  15  1:51  Refinery  
  15  1:59  SCV  
  16  2:11  SCV  
  17  2:19  Reaper  
  18  2:23  SCV  
  18  2:25  SCV  
  20  2:36  SCV  
  21  2:39  SCV  
  22  2:48  SCV  
  23  2:54  SCV  
  24  3:01  SCV  
  25  3:05  Marine  
  25  3:08  SCV  
  26  3:14  Refinery  
  26  3:15  SCV  
  27  3:22  SCV  
  27  3:23  Factory  
  21  3:52  Barracks Tech Lab  
  21  3:53  SCV  
  20  4:03  SCV  
  20  4:09  Hellion  
  20  4:10  SCV  
  20  4:21  Starport  
  20  4:22  SCV  
  19  4:38  SCV  
  19  4:45  Supply Depot  
  19  4:50  SCV  
  20  4:55  Marine  
  20  4:59  Starport Tech Lab  
  21  5:02  SCV  
  13  5:14  SCV  
  6  5:23  Viking  
  6  5:26  SCV  
  7  5:38  SCV  
  5  5:50  SCV  
Tags
 
Add a new tag
Caveats
  • Supply blocks, unpowered buildings, or Contaminate may cause inaccurate times.
  • Supply counts are checked every 10 seconds.